TOP OF THE 1ST |
Oakland Oaks batting - Pitching for Tijuana Toros : RHP Zach Clausen
|
Pitching: RHP Zach Clausen
|
|
Batting: RHB Gabe Secundino
|
0-0: Called Strike 0-1: Ball 1-1: Ball 2-1: Foul Ball, location: 2F 2-2: Fly out, F8 (Flyball, 78D, EV 100.6 MPH)
|
Batting: RHB Nathaniel Adderley
|
0-0: Called Strike 0-1: Ball 1-1: SOLO HOME RUN (Line Drive, 7D, EV 106.2 MPH), Distance : 408 ft
|
Batting: RHB Pete Goerge
|
0-0: Foul Ball, location: 2F 0-1: Fly out, F7 (Flyball, 78S, EV 86.9 MPH)
|
Batting: RHB Rafael Alarcon
|
0-0: Ball 1-0: Ball 2-0: Ground out 6-3 (Groundball, 6, EV 80.6 MPH)
|
Top of the 1st over - 1 run, 1 hit, 0 errors, 0 left on base; Oakland 1 - Tijuana 0 |
BOTTOM OF THE 1ST |
Tijuana Toros batting - Pitching for Oakland Oaks : RHP Paul Olson
|
Pitching: RHP Paul Olson
|
|
Batting: SHB Alex Noval
|
0-0: Ball 1-0: Called Strike 1-1: Fly out, F8 (Line Drive, 8LD, EV 93.1 MPH)
|
Batting: RHB Adam Maczko
|
0-0: Swinging Strike 0-1: Ball 1-1: Foul Ball, location: 2F 1-2: Foul Ball, location: 2F 1-2: Foul Ball, location: 2F 1-2: Ball 2-2: Foul Ball, location: 2F 2-2: Ball 3-2: Base on Balls
|
Batting: RHB Carlos Gonzalez
|
0-0: Called Strike 0-1: Foul Ball, location: 2F 0-2: Ball 1-2: Ball 2-2: Foul Ball, location: 2F 2-2: Foul Ball, location: 2F 2-2: Ball 3-2: 2-RUN HOME RUN (Flyball, 78XD, EV 108.8 MPH), Distance : 433 ft
|
Batting: RHB Felipe Rivera
|
0-0: Called Strike 0-1: Foul Ball, location: 2F 0-2: Ball 1-2: Strikes out swinging
|
Batting: RHB John Hanson
|
0-0: Called Strike 0-1: Ball 1-1: Foul Ball, location: 2F 1-2: Strikes out swinging
|
Bottom of the 1st over - 2 runs, 1 hit, 0 errors, 0 left on base; Oakland 1 - Tijuana 2 |
TOP OF THE 2ND |
Oakland Oaks batting - Pitching for Tijuana Toros : RHP Zach Clausen
|
Batting: RHB Chris Prinzing
|
0-0: Ball 1-0: Called Strike 1-1: Foul Ball, location: 2F 1-2: Strikes out looking
|
Batting: RHB Ryan Jennings
|
0-0: Ball 1-0: Ground out 4-3 (Groundball, 4S, EV 81.9 MPH)
|
Batting: RHB Amare Brown
|
0-0: SINGLE (Line Drive, 4D, EV 96.9 MPH)
|
Batting: RHB Edwin Nunez
|
0-0: Ball 1-0: Foul Ball, location: 2F 1-1: Ball 2-1: Ground out 4-3 (Groundball, 34, EV 83.8 MPH)
|
Top of the 2nd over - 0 runs, 1 hit, 0 errors, 1 left on base; Oakland 1 - Tijuana 2 |
BOTTOM OF THE 2ND |
Tijuana Toros batting - Pitching for Oakland Oaks : RHP Paul Olson
|
Batting: RHB Alex Diaz
|
0-0: Ball 1-0: Fly out, F7 (Flyball, 78S, EV 87.5 MPH)
|
Batting: SHB Erick Hamburger
|
0-0: Called Strike 0-1: Swinging Strike 0-2: Ball 1-2: Ball 2-2: Ball 3-2: Strikes out swinging
|
Batting: RHB Mario Diaz
|
0-0: Ball 1-0: Foul Ball, location: 2F 1-1: Foul Ball, location: 2F 1-2: Strikes out looking
|
Bottom of the 2nd over - 0 runs, 0 hits, 0 errors, 0 left on base; Oakland 1 - Tijuana 2 |
TOP OF THE 3RD |
Oakland Oaks batting - Pitching for Tijuana Toros : RHP Zach Clausen
|
Batting: RHB Dave Villarreal
|
0-0: Ball 1-0: Fly out, F9 (Flyball, 9, EV 76.2 MPH)
|
Batting: RHB Gabe Secundino
|
0-0: Ground out 1-3 (Groundball, P, EV 66.9 MPH)
|
Batting: RHB Nathaniel Adderley
|
0-0: Ball 1-0: Ball 2-0: Called Strike 2-1: SOLO HOME RUN (Flyball, 9D, EV 97.5 MPH), Distance : 372 ft
|
Batting: RHB Pete Goerge
|
0-0: Foul Ball, location: 2F 0-1: Foul Ball, location: 2F 0-2: Ball 1-2: Ball 2-2: Strikes out looking
|
Top of the 3rd over - 1 run, 1 hit, 0 errors, 0 left on base; Oakland 2 - Tijuana 2 |
BOTTOM OF THE 3RD |
Tijuana Toros batting - Pitching for Oakland Oaks : RHP Paul Olson
|
Batting: RHB Guillermo Puente
|
0-0: Ground out 5-3 (Groundball, 5, EV 83.1 MPH)
|
Batting: SHB Alex Noval
|
0-0: Ball 1-0: Foul Ball, location: 2F 1-1: Called Strike 1-2: Ball 2-2: Foul Ball, location: 2F 2-2: Foul Ball, location: 2F 2-2: Ball 3-2: Foul Ball, location: 2F 3-2: Strikes out swinging
|
Batting: RHB Adam Maczko
|
0-0: Ball 1-0: Ball 2-0: Called Strike 2-1: Ball 3-1: Foul Ball, location: 2F 3-2: Base on Balls
|
Batting: RHB Carlos Gonzalez
|
0-0: Called Strike 0-1: Ball 1-1: Foul Ball, location: 2F 1-2: Strikes out swinging
|
Bottom of the 3rd over - 0 runs, 0 hits, 0 errors, 1 left on base; Oakland 2 - Tijuana 2 |
TOP OF THE 4TH |
Oakland Oaks batting - Pitching for Tijuana Toros : RHP Zach Clausen
|
Batting: RHB Rafael Alarcon
|
0-0: Ball 1-0: Ball 2-0: Called Strike 2-1: Ball 3-1: Base on Balls
|
Batting: RHB Chris Prinzing
|
0-0: Foul Ball, location: 2F 0-1: Foul Ball, location: 2F 0-2: Hit by Pitch Rafael Alarcon to second
|
Batting: RHB Ryan Jennings
|
0-0: Ball 1-0: Swinging Strike 1-1: Swinging Strike 1-2: Strikes out looking
|
Batting: RHB Amare Brown
|
0-0: Foul Ball, location: 2F 0-1: Ball 1-1: Swinging Strike 1-2: Ball 2-2: Strikes out looking
|
Batting: RHB Edwin Nunez
|
0-0: Ball 1-0: Called Strike 1-1: Fly out, F7 (Flyball, 7S, EV 76.9 MPH)
|
Top of the 4th over - 0 runs, 0 hits, 0 errors, 2 left on base; Oakland 2 - Tijuana 2 |
BOTTOM OF THE 4TH |
Tijuana Toros batting - Pitching for Oakland Oaks : RHP Paul Olson
|
Batting: RHB Felipe Rivera
|
0-0: Foul Ball, location: 2F 0-1: Called Strike 0-2: Foul Ball, location: 2F 0-2: Foul Ball, location: 2F 0-2: Ball 1-2: Strikes out swinging
|
Batting: RHB John Hanson
|
0-0: Ball 1-0: Called Strike 1-1: Foul Ball, location: 2F 1-2: Foul Ball, location: 2F 1-2: Ball 2-2: Ground out 5-3 (Groundball, 56, EV 108.8 MPH)
|
Batting: RHB Alex Diaz
|
0-0: Called Strike 0-1: Ball 1-1: Foul Ball, location: 2F 1-2: Strikes out swinging, 2-3 out at first.
|
Bottom of the 4th over - 0 runs, 0 hits, 0 errors, 0 left on base; Oakland 2 - Tijuana 2 |
TOP OF THE 5TH |
Oakland Oaks batting - Pitching for Tijuana Toros : RHP Zach Clausen
|
Batting: RHB Dave Villarreal
|
0-0: Fly out, F8 (Flyball, 78S, EV 88.8 MPH)
|
Batting: RHB Gabe Secundino
|
0-0: Fly out, F5 (Line Drive, 5, EV 62.5 MPH)
|
Batting: RHB Nathaniel Adderley
|
0-0: Swinging Strike 0-1: Ball 1-1: Foul Ball, location: 2F 1-2: Strikes out swinging
|
Top of the 5th over - 0 runs, 0 hits, 0 errors, 0 left on base; Oakland 2 - Tijuana 2 |
BOTTOM OF THE 5TH |
Tijuana Toros batting - Pitching for Oakland Oaks : RHP Paul Olson
|
Pitching: LHP Josh Bologna
|
|
Batting: SHB Erick Hamburger
|
0-0: Called Strike 0-1: Swinging Strike 0-2: Foul Ball, location: 2F 0-2: Ball 1-2: Foul Ball, location: 2F 1-2: Foul Ball, location: 2F 1-2: Foul Ball, location: 2F 1-2: Foul Ball, location: 2F 1-2: Strikes out swinging
|
Batting: RHB Mario Diaz
|
0-0: Ground out 4-3 (Groundball, 4S, EV 80.6 MPH)
|
Batting: RHB Guillermo Puente
|
0-0: Ball 1-0: Called Strike 1-1: Reached on error, E6 (Groundball, 6, EV 81.2 MPH)
|
Batting: SHB Alex Noval
|
0-0: Ball 1-0: Swinging Strike 1-1: Swinging Strike 1-2: Strikes out swinging
|
Bottom of the 5th over - 0 runs, 0 hits, 1 error, 1 left on base; Oakland 2 - Tijuana 2 |
TOP OF THE 6TH |
Oakland Oaks batting - Pitching for Tijuana Toros : RHP Zach Clausen
|
Batting: RHB Pete Goerge
|
0-0: Called Strike 0-1: Ball 1-1: Ball 2-1: Ball 3-1: Called Strike 3-2: Base on Balls
|
Batting: RHB Rafael Alarcon
|
0-0: Called Strike 0-1: Ball 1-1: Called Strike 1-2: Ground out 5-3 (Groundball, 56S, EV 66.9 MPH) Pete Goerge to second
|
Batting: RHB Chris Prinzing
|
0-0: Ball 1-0: Fly out, F7 (Flyball, 78M, EV 90.6 MPH)
|
Batting: RHB Ryan Jennings
|
0-0: Ball 1-0: Ball 2-0: Foul Ball, location: 2F 2-1: Called Strike 2-2: Foul Ball, location: 2F 2-2: Ground out 5-3 (Groundball, 56, EV 88.1 MPH)
|
Top of the 6th over - 0 runs, 0 hits, 0 errors, 1 left on base; Oakland 2 - Tijuana 2 |
BOTTOM OF THE 6TH |
Tijuana Toros batting - Pitching for Oakland Oaks : LHP Josh Bologna
|
Batting: RHB Adam Maczko
|
0-0: Ball 1-0: Ball 2-0: Fly out, F4 (Popup, 4D, EV 54.4 MPH)
|
Batting: RHB Carlos Gonzalez
|
0-0: Ball 1-0: Called Strike 1-1: Ball 2-1: Foul Ball, location: 2F 2-2: Strikes out swinging
|
Batting: RHB Felipe Rivera
|
0-0: Ground out 1-3 (Groundball, 34S, EV 61.9 MPH)
|
Bottom of the 6th over - 0 runs, 0 hits, 0 errors, 0 left on base; Oakland 2 - Tijuana 2 |
TOP OF THE 7TH |
Oakland Oaks batting - Pitching for Tijuana Toros : RHP Zach Clausen
|
Batting: RHB Amare Brown
|
0-0: Called Strike 0-1: Ball 1-1: Ball 2-1: Called Strike 2-2: Strikes out swinging
|
Batting: RHB Edwin Nunez
|
0-0: Ball 1-0: Called Strike 1-1: Ball 2-1: Called Strike 2-2: Strikes out swinging
|
Batting: RHB Dave Villarreal
|
0-0: Called Strike 0-1: Ball 1-1: SINGLE (Groundball, 56D, EV 98.8 MPH)
|
Batting: RHB Gabe Secundino
|
0-0: Foul Ball, location: 2F 0-1: Hit by Pitch Dave Villarreal to second
|
Batting: RHB Nathaniel Adderley
|
0-0: Fielders Choice at 2nd, U4 (Groundball, 4M, EV 93.8 MPH)
|
Top of the 7th over - 0 runs, 1 hit, 0 errors, 2 left on base; Oakland 2 - Tijuana 2 |
BOTTOM OF THE 7TH |
Tijuana Toros batting - Pitching for Oakland Oaks : LHP Josh Bologna
|
Batting: RHB John Hanson
|
0-0: Ball 1-0: Foul Ball, location: 2F 1-1: Ball 2-1: Ball 3-1: Reached on error, E8 (Flyball, 8RD, EV 87.5 MPH)
|
Batting: RHB Alex Diaz
|
0-0: Ball 1-0: Reached on error, E6 (Groundball, 6, EV 85.0 MPH) John Hanson to second
|
Batting: SHB Erick Hamburger
|
0-0: Ball 1-0: Bunted foul 1-1: Bunted foul 1-2: Strikes out looking
|
Pinch Hitting: LHB Pedro Garza
|
0-0: Called Strike 0-1: Ball 1-1: 3-RUN HOME RUN (Flyball, 9LD, EV 92.5 MPH), Distance : 339 ft
|
Pitching: RHP Andy Teague
|
|
Batting: RHB Guillermo Puente
|
0-0: Called Strike 0-1: DOUBLE (Line Drive, 7LS, EV 101.2 MPH)
|
Batting: SHB Alex Noval
|
0-0: Ball 1-0: Called Strike 1-1: Ground out 3-1 (Groundball, 34, EV 106.2 MPH) Guillermo Puente to third
|
Batting: RHB Adam Maczko
|
0-0: Foul Ball, location: 2F 0-1: Ground out U3 (Groundball, 34, EV 80.0 MPH)
|
Bottom of the 7th over - 3 runs, 2 hits, 2 errors, 1 left on base; Oakland 2 - Tijuana 5 |
TOP OF THE 8TH |
Oakland Oaks batting - Pitching for Tijuana Toros : RHP Zach Clausen
|
Now at 2B: Tan-ming Kwan
|
|
Batting: RHB Pete Goerge
|
0-0: Called Strike 0-1: Ball 1-1: Ball 2-1: Fly out, F6 (Popup, 15, EV 84.4 MPH)
|
Batting: RHB Rafael Alarcon
|
0-0: Ball 1-0: Foul Ball, location: 2F 1-1: Called Strike 1-2: Strikes out swinging
|
Batting: RHB Chris Prinzing
|
0-0: Ball 1-0: Called Strike 1-1: Ball 2-1: Foul Ball, location: 2F 2-2: Strikes out swinging
|
Top of the 8th over - 0 runs, 0 hits, 0 errors, 0 left on base; Oakland 2 - Tijuana 5 |
BOTTOM OF THE 8TH |
Tijuana Toros batting - Pitching for Oakland Oaks : RHP Andy Teague
|
Batting: RHB Carlos Gonzalez
|
0-0: Called Strike 0-1: Swinging Strike 0-2: Ball 1-2: Ground out 5-3 (Groundball, 56, EV 110.6 MPH)
|
Batting: RHB Felipe Rivera
|
0-0: Ball 1-0: SINGLE (Line Drive, 89S, EV 105.0 MPH)
|
Batting: RHB John Hanson
|
0-0: Ball 1-0: Ball 2-0: Ball 3-0: Base on Balls Felipe Rivera to second
|
Batting: RHB Alex Diaz
|
0-0: Hit by Pitch Felipe Rivera to third John Hanson to second
|
Batting: SHB Erick Hamburger
|
0-0: Called Strike 0-1: Fly out, F7 (Flyball, 78M, EV 95.6 MPH) Runner from 3rd tags up, SCORES, no throw by LF
|
Batting: RHB Tan-ming Kwan
|
0-0: Called Strike 0-1: Ball 1-1: Swinging Strike 1-2: Strikes out swinging
|
Bottom of the 8th over - 1 run, 1 hit, 0 errors, 2 left on base; Oakland 2 - Tijuana 6 |
TOP OF THE 9TH |
Oakland Oaks batting - Pitching for Tijuana Toros : RHP Zach Clausen
|
Batting: RHB Ryan Jennings
|
0-0: Ball 1-0: DOUBLE (Line Drive, 89D, EV 112.5 MPH)
|
Batting: RHB Amare Brown
|
0-0: Ball 1-0: Ball 2-0: Ball 3-0: Base on Balls
|
Pitching: RHP Mike Barnhill
|
|
Pinch Hitting: LHB Brian Puccio
|
0-0: Ball Wild Pitch! Ryan Jennings to third Amare Brown to second 1-0: Ball 2-0: Ball 3-0: Base on Balls
|
Pinch Hitting: RHB Alberto Malagon
|
0-0: Foul Ball, location: 2F 0-1: Foul Ball, location: 2F 0-2: Grounds into double play, 5-4-3 (Groundball, 56, EV 91.9 MPH) Ryan Jennings scores Amare Brown to third
|
Batting: RHB Gabe Secundino
|
0-0: Ball 1-0: DOUBLE (Line Drive, 78XD, EV 111.9 MPH) Amare Brown scores
|
Batting: RHB Nathaniel Adderley
|
0-0: Foul Ball, location: 2F 0-1: Ball 1-1: Foul Ball, location: 2F 1-2: Foul Ball, location: 2F 1-2: Strikes out swinging
|
Top of the 9th over - 2 runs, 2 hits, 0 errors, 1 left on base; Oakland 4 - Tijuana 6 |
|